Map: Whispers of Gold

Players

WeAreLegion

  • Race: Terran Terran
  • League: Silver
  • Spawn Location: 9:00

A.I. 1 (Elite) - Winner!

  • Race: Terran Terran
  • Spawn Location: 5:00

VOD

Have the link to the VOD?

Description

Time

  • Played on: Dec. 3, 2024, 11:02 a.m.
  • Length: 17:34
Show
View Real Time Build Order
Export as new Build Order

WeAreLegion Terran 

Build Orders:  

Get SALT Encoding   

  12  0:00  SCV  
  13  0:12  SCV  
  14  0:18  Supply Depot  
  14  0:28  SCV  
  15  0:40  SCV  
  15  0:41  Barracks  
  16  0:50  Refinery  
  16  0:52  SCV  
  17  0:58  Refinery  
  17  1:04  SCV  
  18  1:16  SCV  
  19  1:28  Orbital Command  
  19  1:30  Reaper  
  20  1:47  Factory  
  20  1:53  Supply Depot  
  20  1:54  SCV  
  21  2:08  SCV  
  22  2:11  Marine  
  23  2:20  SCV  
  24  2:32  SCV  
  25  2:41  Command Center  
  25  2:46  Barracks Reactor  
  25  2:49  Widow Mine  
  27  2:52  Starport  
  27  3:04  SCV  
  28  3:14  Supply Depot  
  28  3:16  SCV, Widow Mine  
  31  3:35  SCV, Marine x2  
  31  3:37  Widow Mine  
  36  3:47  SCV, Refinery  
  37  3:50  Engineering Bay  
  37  3:52  Supply Depot  
  37  3:56  SCV  
  37  3:59  SCV  
  37  4:00  Medivac  
  41  4:11  SCV  
  41  4:14  Orbital Command  
  42  4:17  Marine x2  
  42  4:24  SCV  
  45  4:28  Barracks  
  45  4:36  SCV  
  45  4:38  Marine x2  
  48  4:40  Factory Tech Lab  
  48  4:48  SCV  
  47  4:59  SCV  
  48  5:00  SCV  
  49  5:11  SCV  
  49  5:12  SCV  
  51  5:15  Supply Depot  
  51  5:23  SCV  
  51  5:24  SCV  
  51  5:25  Barracks Tech Lab  
  53  5:31  Terran Infantry Weapons Level 1, Barracks  
  53  5:35  SCV  
  54  5:36  SCV  
  55  5:47  SCV  
  55  5:48  SCV  
  57  5:51  Supply Depot  
  57  5:52  Marine x2  
  57  5:54  Siege Tank  
  57  5:55  Stimpack  
  57  5:56  Marine  
  63  5:59  SCV  
  63  6:00  SCV, Barracks  
  65  6:05  Starport Tech Lab  
  65  6:10  Marine x2  
  67  6:11  SCV  
  67  6:12  SCV  
  67  6:14  Marine  
  70  6:26  Siege Tank  
  70  6:28  Marine x2  
  70  6:31  Marine  
  68  6:39  Supply Depot  
  66  6:43  Supply Depot, Raven  
  66  6:46  Interference Matrix, Marine x2  
  70  6:47  Barracks Tech Lab  
  70  6:50  Marauder  
  72  6:54  Barracks Reactor  
  72  6:58  Siege Tank, Barracks  
  77  7:05  Marine x2  
  77  7:11  Marauder  
  78  7:17  Raven  
  78  7:20  Supply Depot  
  80  7:22  Supply Depot, Marine  
  80  7:23  Marine  
  80  7:25  Terran Infantry Armor Level 1  
  80  7:26  Combat Shield  
  82  7:30  Siege Tank  
  82  7:32  Marine  
  86  7:44  Supply Depot  
  86  7:46  Supply Depot  
  86  7:50  Marauder  
  88  7:54  Marine x2  
  90  7:58  Barracks Reactor  
  90  7:59  Concussive Shells  
  90  8:01  Marine  
  90  8:02  Siege Tank  
  96  8:12  Marine x2, Marauder  
  97  8:29  Marine  
  97  8:33  Marauder  
  100  8:37  Marine x4  
  100  8:39  Siege Tank  
  107  8:43  Medivac x2  
  107  8:47  Marine  
  112  8:54  Marauder  
  112  8:55  Marine  
  115  8:56  Marauder  
  115  9:02  Supply Depot  
  116  9:04  Supply Depot  
  116  9:11  Siege Tank  
  116  9:16  Marauder  
  121  9:17  Marauder  
  123  9:25  Supply Depot  
  123  9:27  Supply Depot  
  123  9:37  Marauder  
  124  9:38  Marauder  
  124  9:43  Siege Tank  
  116  10:04  Marine  
  116  10:05  Marine x6  
  123  10:07  Medivac x2  
  127  10:15  Siege Tank  
  127  10:16  Supply Depot x2  
  130  10:23  Marauder x2  
  130  10:24  Marauder  
  136  10:39  Supply Depot x2  
  136  10:45  Marauder x2  
  136  10:47  Siege Tank  
  138  11:19  Siege Tank  
  77  11:49  Marine x6  
  77  11:50  Marauder  
  77  11:51  Siege Tank  
  88  12:08  Marauder x2  
  92  12:11  Marauder  
  94  12:20  Refinery  
  94  12:22  Command Center  
  94  12:23  Siege Tank, Command Center  
  94  12:29  Marauder x2  
  101  12:31  Armory  
  101  12:33  Engineering Bay  
  101  12:36  Marine x2  
  101  12:37  Marine x3, Armory  
  106  12:45  Medivac x2  
  106  12:50  Marine  
  106  12:51  Marauder  
  113  12:54  Marine x4  
  113  12:55  Siege Tank, Marauder  
  98  13:08  Marauder  
  98  13:12  Marauder  
  92  13:14  Marine x3  
  92  13:15  Marine, Medivac  
  92  13:17  Marauder, Medivac  
  85  13:28  Widow Mine  
  85  13:32  Marine x4  
  85  13:33  Marauder  
  88  13:38  Marauder  
  83  13:49  Widow Mine  
  83  13:50  Marine x4  
  83  13:55  Marauder  
  88  13:59  Marauder  
  81  14:08  Marine  
  79  14:10  Siege Tank  
  79  14:13  Marine x3  
  79  14:16  Marauder  
  87  14:21  Marauder  
  89  14:25  Marine  
  90  14:37  Marauder  
  90  14:38  Marine x3  
  94  14:42  Siege Tank, Marauder  
  94  14:43  Marine  
  94  14:44  Terran Infantry Weapons Level 2  
  101  14:56  Marine  
  101  14:59  Marauder  
  104  15:03  Marauder  
  106  15:15  Siege Tank  
  106  15:20  SCV x2, Marauder  
  113  15:25  Marauder  
  115  15:28  Orbital Command  
  115  15:31  Command Center  
  115  15:32  SCV x2  
  117  15:42  Marauder  
  119  15:44  SCV x2  
  101  16:20  Refinery  
  101  16:22  Refinery  
  101  16:27  SCV x2  
  103  16:35  Marine x2  
  103  16:36  Marine x4  
  103  16:37  Siege Tank  
  103  16:39  SCV x2  
  114  16:45  Orbital Command  
  114  16:51  SCV x2  
  118  16:54  Marauder x2  
  120  17:03  SCV x2  
  124  17:15  SCV  
Show
View Real Time Build Order
Export as new Build Order

A.I. 1 (Elite) Terran - Winner!

Build Orders: 2 Factory, Mech 

Get SALT Encoding   

  12  0:00  SCV  
  13  0:13  SCV  
  14  0:19  Supply Depot  
  14  0:25  SCV  
  15  0:40  SCV  
  15  0:42  Barracks  
  16  0:52  SCV  
  17  1:05  SCV  
  18  1:17  SCV  
  19  1:19  Supply Depot  
  19  1:22  Refinery  
  19  1:29  SCV, Marine  
  21  1:41  SCV  
  22  1:47  Marine  
  22  1:49  Refinery  
  22  1:53  SCV  
  24  2:05  SCV, Marine  
  26  2:17  SCV  
  26  2:21  Factory  
  27  2:22  Marine  
  27  2:29  SCV  
  29  2:38  Factory  
  29  2:40  Marine  
  29  2:41  SCV  
  29  2:43  Supply Depot  
  31  2:55  Orbital Command  
  31  3:04  Marine  
  32  3:07  Factory Tech Lab  
  32  3:20  SCV  
  32  3:22  Marine  
  32  3:23  Command Center, Factory Tech Lab  
  34  3:32  SCV  
  35  3:44  SCV  
  36  3:51  Engineering Bay  
  36  3:56  SCV  
  37  4:08  SCV  
  38  4:12  Barracks  
  38  4:17  Missile Turret  
  38  4:18  Missile Turret  
  38  4:20  SCV  
  38  4:21  Supply Depot  
  39  4:38  Orbital Command, Starport  
  39  4:41  Siege Tank  
  39  4:44  SCV  
  43  4:55  Siege Tank  
  43  4:56  SCV  
  47  5:03  SCV  
  47  5:04  Marine  
  49  5:08  SCV  
  49  5:13  Hellion  
  52  5:14  Starport Tech Lab  
  52  5:23  Supply Depot  
  52  5:28  Hellion  
  54  5:36  Raven  
  54  5:40  Barracks Tech Lab, Hellion  
  58  5:49  Hellion  
  60  5:50  Factory  
  60  5:53  Command Center  
  60  6:01  Siege Tank  
  63  6:17  Supply Depot  
  63  6:22  Siege Tank  
  66  6:39  Armory  
  66  6:44  Armory  
  66  6:54  Siege Tank  
  69  7:03  Hellion  
  69  7:04  SCV  
  69  7:05  Supply Depot, SCV  
  69  7:07  SCV  
  74  7:17  SCV x2  
  74  7:19  SCV  
  77  7:27  Terran Vehicle Weapons Level 1  
  77  7:29  SCV  
  78  7:31  Terran Vehicle And Ship Armor Level 1, Refinery  
  78  7:33  Siege Tank  
  78  7:34  Hellion  
  83  7:38  Infernal Pre-Igniter  
  83  7:41  Refinery  
  83  7:46  Command Center  
  83  7:54  SCV x2  
  85  8:03  Orbital Command  
  85  8:06  SCV  
  85  8:08  Thor, Missile Turret  
  85  8:12  Supply Depot  
  92  8:25  Missile Turret  
  92  8:27  Thor  
  92  8:30  Factory Tech Lab  
  98  8:37  Supply Depot  
  98  8:48  Missile Turret  
  98  8:51  Siege Tank  
  98  8:53  Siege Tank  
  104  8:59  SCV x2  
  104  9:00  SCV x2  
  108  9:11  SCV, Missile Turret  
  108  9:13  SCV x3, Missile Turret  
  108  9:14  Refinery  
  112  9:23  SCV  
  113  9:24  Terran Vehicle Weapons Level 2  
  113  9:25  SCV, Refinery  
  113  9:26  SCV x2  
  113  9:30  Supply Depot  
  116  9:35  SCV  
  116  9:37  SCV  
  118  9:38  SCV  
  118  9:40  SCV  
  118  9:43  Marauder  
  118  9:44  Liberator  
  125  9:48  SCV  
  125  9:51  SCV  
  125  9:52  SCV x2  
  129  9:54  Supply Depot  
  129  9:59  Thor  
  123  10:00  SCV  
  123  10:03  SCV  
  123  10:04  SCV, Marauder  
  123  10:05  Planetary Fortress  
  128  10:18  Supply Depot  
  128  10:23  Siege Tank  
  128  10:25  Marauder  
  128  10:27  Liberator  
  136  10:29  Command Center  
  136  10:31  Siege Tank  
  139  10:43  Supply Depot, Thor  
  139  10:47  Marauder  
  139  10:49  Terran Infantry Weapons Level 1  
  147  10:52  Engineering Bay  
  147  11:02  Missile Turret  
  147  11:04  Missile Turret  
  146  11:07  Supply Depot  
  146  11:08  Marauder  
  146  11:10  Liberator  
  151  11:23  Marine  
  151  11:24  SCV x2  
  151  11:25  SCV  
  132  11:26  Missile Turret  
  132  11:28  Missile Turret  
  132  11:29  Hellion  
  132  11:30  Marauder  
  121  11:33  Hellion  
  121  11:34  Hellion  
  121  11:38  SCV  
  121  11:41  Marine  
  121  11:44  SCV  
  121  11:47  SCV  
  124  11:48  SCV  
  124  11:50  SCV, Hellion  
  124  11:51  Refinery, Marauder  
  124  11:53  Liberator  
  133  11:55  Hellion, Command Center  
  133  11:57  Hellion  
  133  11:58  SCV  
  133  11:59  Marine  
  138  12:05  Terran Vehicle Weapons Level 3  
  138  12:08  Planetary Fortress  
  138  12:11  Missile Turret  
  138  12:12  Marauder, Stimpack  
  140  12:16  Marine  
  140  12:22  Barracks  
  141  12:24  Missile Turret  
  141  12:34  Refinery, Marauder  
  141  12:35  Barracks Tech Lab, Medivac  
  145  12:41  Supply Depot  
  145  12:48  Missile Turret  
  145  12:53  Combat Shield  
  145  12:54  Marine, Marauder  
  143  13:05  Liberator  
  143  13:08  Supply Depot  
  143  13:09  Marine  
  143  13:10  Missile Turret  
  143  13:12  Barracks  
  125  13:13  Marauder  
  125  13:15  Planetary Fortress, Marine  
  122  13:24  Command Center  
  122  13:28  Barracks Reactor  
  122  13:32  Marine  
  114  13:34  Starport, Marauder  
  114  13:36  Hi-Sec Auto Tracking  
  113  13:48  Liberator  
  113  13:50  Marine  
  113  13:52  Ghost Academy  
  108  13:56  Marauder, Neosteel Armor  
  108  13:58  Marine  
  101  14:04  Marine  
  101  14:08  Marine  
  101  14:10  Liberator, Marine  
  105  14:17  Marauder  
  105  14:19  Barracks Tech Lab, Barracks  
  105  14:21  Marine  
  108  14:26  Marauder  
  108  14:28  Marine  
  111  14:31  Viking  
  111  14:33  Terran Infantry Armor Level 1  
  111  14:37  Ghost  
  118  14:38  Marauder  
  118  14:39  Concussive Shells, Marine  
  118  14:44  Refinery, Command Center  
  119  14:46  Marine  
  119  14:48  Planetary Fortress, Refinery, Marauder  
  119  14:50  Missile Turret  
  122  14:53  Medivac  
  122  14:57  Marine, Missile Turret  
  127  15:00  Marauder  
  127  15:01  Viking  
  127  15:03  Marine  
  127  15:06  Marine, Marauder  
  133  15:08  Ghost  
  136  15:15  Marine  
  139  15:21  Marine, Marauder  
  139  15:23  Starport Reactor, Marine  
  139  15:27  Ghost  
  144  15:28  Missile Turret  
  144  15:31  Raven  
  144  15:33  Marine  
  147  15:38  Marauder  
  147  15:39  Marine, Personal Cloaking  
  147  15:41  Marine  
  147  15:42  Ghost  
  154  15:50  Marine  
  154  15:56  Marauder  
  157  15:57  Marine  
  157  15:58  Ghost  
  157  15:59  Marine, Medivac x2  
  165  16:05  Viking  
  165  16:06  Planetary Fortress, Refinery  
  165  16:08  Marine  
  165  16:09  Missile Turret, Command Center  
  170  16:11  Marauder  
  170  16:12  Missile Turret  
  170  16:15  Marine, Missile Turret  
  170  16:17  Marine, Ghost  
  175  16:18  Refinery  
  175  16:26  Marine  
  175  16:28  Marauder  
  175  16:29  Viking, Medivac  
  175  16:32  Marine  
  183  16:33  Marine  
  183  16:35  Marine, Viking  
  187  16:44  Marine  
  187  16:45  Ghost  
  191  16:49  Marauder  
  191  16:50  Marine  
  194  16:54  Marine  
  194  16:59  Viking, Medivac  
  199  17:23  Fusion Core  
Tags
 
Composition
Mech
League
Silver
Matchup
TvT
Opening
2 Factory
Race
Terran
Replay Pack
December
Spawn Locations
Cross Positions
Add a new tag
Caveats
  • Supply blocks, unpowered buildings, or Contaminate may cause inaccurate times.
  • Supply counts are checked every 10 seconds.